← All builds
Geo sea / Cortex / Economy first / OBSERVED BUILD

Standard geo sea

The role's default economy-first play: bot lab then shipyard in the cove, quick frigate/submarine/destroyer navy to contest sea and hold the coast, transitioning into whatever the sea fight needs.

Usually shipyard in the cove (98%)

#naval #eco · 897 distinct matches · 97 players · 83% of Cortex Geo sea games · team won 52% of 1005 · Recently observed

HOW TO PLAY IT

Key timing: Shipyard by 3:18

  1. Open 3 mex, wind and solar, then Bot Lab.
  2. Get a BP and costal torpedo launcher up before the Shipyard.
  3. Put up Shipyard once you can defend it.
  4. Push out "submarine" and "frigate" to contest the sea.
  5. Add geothermal to fund the fleet transition into "destroyer", "missile corvette".

Phase by phase

TYPICAL OF ITS 897 GAMES
  1. 1
  2. 2
  3. 3
  4. 4
PLAY THE OPENING

Follow the example game's first 6:00 step by step: what to build now, what comes next, and where it goes. At 1× it keeps pace with your own game.

  1. 1

    Up to the Bot Lab

    Economy
    • Metal Extractor3Mex
    • Wind Turbine3Wind
    Order
    1. Bot LabBot Lab after 3 mex, 3 winddone ~1:12, middle half 1:06–1:26

    Some games also: wind for allies (49%)

    By 0:55 in all: 3 mex · 3 wind

    The example game in this phase · 4 steps
    1. Mex ×3
    2. Wind ×2for Pond
    3. Wind ×2
    4. Bot LabBot Labdone 1:09 · typical 1:12
  2. 2

    Bot Lab to Shipyard

    Economy
    • Metal Extractor1Mex
    • Wind Turbine2Wind
    Order
    1. ShipyardShipyard after 4 mex, 5 wind, 1 energy storagedone ~3:17, middle half 3:03–3:33
    Builders
    • Construction Bot3 Con bot
    • Graverobber2 Graverobber
    Army
    • Grunt1 Grunt

    Some games also: con turret (47%) · trasher (39%) · energy storage (34%) · wind for allies (33%)

    By 2:52 in all: 4 mex · 5 wind · 1 energy storage

    The example game in this phase · 9 steps
    1. Wind
    2. GraverobberGraverobber
    3. Wind ×2
    4. Construction BotCon bot ×3
    5. Mex
    6. GraverobberGraverobber
    7. Con turret
    8. TrasherTrasher
    9. ShipyardShipyarddone 3:23 · typical 3:17
  3. 3

    Shipyard to 5:00

    Economy
    • Metal Extractor4Mex
    Builders
    • Construction Ship1 Con ship
    Army
    • Riptide2 Frigate
    • Orca1 Submarine
    Other
    • Radar Tower1 Radar Tower

    Some games also: Guard (50%) · wind (48%) · missile corvette (47%) · destroyer (46%) · gunboat (41%)

    By 5:00 in all: 8 mex · 6 wind · 1 energy storage · 1 con turret

    The example game in this phase · 23 steps
    1. Mex
    2. GruntGrunt
    3. Mex
    4. Radar TowerRadar Tower
    5. Wind
    6. Energy storage
    7. GuardGuard
    8. Construction ShipCon ship
    9. GuardGuard
    10. Wind
    11. HerringMissile corvette
    12. GuardGuard
    13. RiptideFrigatedone 3:56 · typical 4:35
    14. Wind
    15. Mex
    16. RiptideFrigate
    17. Wind
    18. RiptideFrigate
    19. Mex
    20. Wind
    21. OppressorDestroyerdone 5:07 · typical 5:51
    22. Wind
    23. Converter
  4. 4

    5:00 to 10:00

    Economy
    • Metal Extractor2Mex
    • Wind Turbine8Wind
    • Energy Converter1Converter
    Builders
    • Construction Turret1 Con turret
    • Death Cavalry2 Death Cavalry
    • Construction Ship1 Con ship
    Army
    • Guard2 Guard
    • Riptide5 Frigate
    • Herring2 Missile corvette
    Other
    • Naval Radar / Sonar Tower2 Naval Radar / Sonar Tower

    Some games also: geo (48%) · Thistle (42%) · submarine (33%)

    By 10:00 in all: 10 mex · 15 wind · 1 geo · 4 converter · 1 energy storage · 2 con turret

    The example game in this phase · 145 steps
    1. Naval Radar / Sonar TowerNaval Radar / Sonar Tower
    2. Death CavalryDeath Cavalry
    3. Wind
    4. Converter
    5. Wind
    6. Mex
    7. Wind
    8. Mex
    9. Converter
    10. Mex
    11. Wind
    12. Radar TowerRadar Tower
    13. ThistleThistle
    14. GuardGuard
    15. OppressorDestroyer
    16. Naval Radar / Sonar TowerNaval Radar / Sonar Tower
    17. Wind ×2
    18. RiptideFrigate
    19. Advanced Metal ExtractorT2 mexdone 8:20 · typical 9:22
    20. RiptideFrigate
    21. Wind
    22. RiptideFrigate
    23. Con turret
    24. Geothermal PowerplantGeodone 9:56 · typical 8:00
    25. Wind
    26. Con turret
    27. HerringMissile corvette
    28. Death CavalryDeath Cavalry
    29. GuardGuard
    30. Wind
    31. OppressorDestroyer
    32. Mex
    33. GuardGuard ×2
    34. Wind ×2
    35. Advanced Metal ExtractorT2 mex
    36. Wind ×2
    37. RiptideFrigate
    38. Wind ×2
    39. Mex
    40. Wind ×2
    41. RiptideFrigate
    42. Wind ×2
    43. Naval Radar / Sonar TowerNaval Radar / Sonar Tower
    44. Wind
    45. RiptideFrigate
    46. Wind
    47. Advanced Metal ExtractorT2 mex
    48. Wind
    49. HerringMissile corvette
    50. Wind
    51. Mex
    52. Converter
    53. Death CavalryDeath Cavalry
    54. Wind ×2
    55. OppressorDestroyer
    56. Wind
    57. RiptideFrigate
    58. HerringMissile corvette
    59. Wind
    60. OppressorDestroyer
    61. Wind ×3
    62. Converter
    63. Wind
    64. Naval Radar / Sonar TowerNaval Radar / Sonar Tower
    65. OppressorDestroyer
    66. Wind ×2
    67. Converter
    68. Wind
    69. OppressorDestroyer
    70. Wind ×2
    71. OppressorDestroyer
    72. Mex
    73. Advanced Metal ExtractorT2 mex
    74. Wind ×2
    75. Converter
    76. OppressorDestroyer
    77. Wind
    78. Naval Construction Turret
    79. Wind
    80. HerringMissile corvette
    81. Wind
    82. HerringMissile corvette
    83. Converter
    84. Wind
    85. OppressorDestroyer
    86. Wind ×2
    87. HerringMissile corvette ×2
    88. Naval Construction Turret
    89. Wind
    90. HerringMissile corvette
    91. Wind
    92. HerringMissile corvette
    93. Converter
    94. Wind
    95. HerringMissile corvette
    96. Wind
    97. Naval Construction Turret
    98. HerringMissile corvette
    99. Wind
    100. HerringMissile corvette
    101. Wind
    102. Naval Construction Turret
    103. Death CavalryDeath Cavalry
    104. Wind
    105. Amphibious ComplexAmphibious Complexdone 13:10
    106. Advanced Metal ExtractorT2 mex
    107. Death CavalryDeath Cavalry
    108. Wind
    109. Converter
    110. Death CavalryDeath Cavalry
    111. Wind ×2
    112. SalamanderSalamander
    113. Wind
    114. Construction ShipCon ship
    115. Wind
    116. SalamanderSalamander
    117. Converter
    118. Construction ShipCon ship
    119. Wind
    120. Naval Construction Turret
    121. SalamanderSalamander
    122. Naval Construction Turret ×3
    123. Tidal
    124. SalamanderSalamander
    125. Naval Construction Turret
    126. Tidal
    127. Converter
    128. Advanced Metal ExtractorT2 mex
    129. SalamanderSalamander
    130. Tidal
    131. Naval Construction Turret
    132. Tidal
    133. SalamanderSalamander
    134. Naval Construction Turret
    135. Tidal ×2
    136. Naval Energy Storage
    137. Tidal
    138. SalamanderSalamander
    139. Tidal ×2
    140. Advanced ShipyardAdvanced Shipyardnot finished by 15:00
    141. SalamanderSalamander
    142. Tidal
    143. Converter
    144. SalamanderSalamander
    145. Tidal

Counts are medians over the build's games: half of them build more, half fewer. The example game is Alphacure's (36 OS, 22/09/2026); pick another.

Team trades

IN AT LEAST 30% OF ITS GAMES

You hand over

  • Wind Turbine2 Wind to Airfirst at 1:47 · in 73% of games

You get

  • Finch1 Finch from Airfirst at 1:51 · in 82% of games
  • Hercules1 Light transport from Airfirst at 2:00 · in 75% of games
  • Advanced Construction Bot1 T2 con bot from Techfirst at 7:44 · in 89% of games

How it plays out

Typical game of this build, running totals by minute

Metal produced

010k20k30k
0:005:0010:0015:00

metal

Enemy metal destroyed

05k10k
0:005:0010:0015:00

metal

Own metal lost

02.5k5k7.5k
0:005:0010:0015:00

metal

1005 games.

Show as table
ByMetal produced: This buildEnemy metal destroyed: This buildOwn metal lost: This build
1:0039700
2:0092800
3:00157100
4:002914051
5:00411013052
6:005467440232
7:006953931547
8:0086241570891
9:001051024401344
10:001264436272050
11:001523749202921
12:001815364203827
13:002150674134511
14:002505786485441
15:002879297896342
WHAT THE NUMBERS SAY

Standard Cortex geo sea sits at an even 50% win rate, trading a slower start for a big resource lead by 15:00.

  • + Metal produced hits 28451 by 15:00, well above both front roles
  • + Own metal lost stays far below enemy metal destroyed at every checkpoint
  • − Only 50% team win rate, the lowest of these six builds
  • − T2 factory only completes in 40% of games by 12:53
THE EXAMPLE YOU ARE READING

Alphacure

35.8 OS · 22/09/2026

Open source match ↗

5 received units · includes a constructor
1317 metal received · 21957 energy received

Allied construction assistance is unknown. Timings are observations, not a promise of solo reproducibility.

Typical milestones

Bot Lab1:12Middle 50%: 1:06–1:26 · n=999
Shipyard3:17Middle 50%: 3:03–3:33 · n=1000
Orca4:19Middle 50%: 3:53–4:59 · n=686
Riptide4:35Middle 50%: 4:08–5:20 · n=977
Oppressor5:51Middle 50%: 5:08–6:32 · n=912
Geothermal Powerplant8:00Middle 50%: 7:01–8:58 · n=605
Advanced Metal Extractor9:22Middle 50%: 8:45–10:10 · n=861

Played most by

sirniho119games of this buildOptimusprimenutt78games of this buildSHOGVN74games of this buildPRO_Rerory46games of this buildhihimik41games of this build